 Dungeon Crawl Stone Soup version 0.30-a0-845-g7c6808c8ce (webtiles) character file.

Game seed: 9290459471778118091

13941 avis the Skirmisher (level 11, -13/92 HPs)
             Began as a Demigod Hunter on Mar 2, 2023.
             Shot with an arrow by a centaur warrior (17 damage)
             ... on level 11 of the Dungeon on Mar 3, 2023.
             The game lasted 01:12:39 (12461 turns).

avis the Skirmisher (Demigod Hunter)               Turns: 12461, Time: 01:12:40

Health: -13/92     AC:  7    Str: 12    XL:     11   Next: 53%
Magic:  21/23      EV: 19    Int: 11    God:
Gold:   163        SH:  0    Dex: 29    Spells: 8/10 levels left

rFire   . . .      SeeInvis .    b - +4 longbow of Unniah {freeze, rPois}
rCold   + . .      Faith    .    (shield currently unavailable)
rNeg    . . .      Spirit   .    D - +0 steam dragon scales
rPois   +          Reflect  .    (no helmet)
rElec   .          Rampage  .    t - +0 cloak
rCorr   .                        v - +0 pair of gloves
Will    +....                    (no boots)
Stlth   ++++                     (no amulet)
HPRegen 0.35/turn                y - ring of protection from cold
MPRegen 0.18/turn                B - ring of magical power

@: on blink cooldown, studying Staves
A: high MP 1, forlorn, divine attributes
a: no special abilities


You were on level 11 of the Dungeon.
You visited 2 branches of the dungeon, and saw 12 of its levels.

You collected 733 gold pieces.
You spent 570 gold pieces at shops.

Inventory:

Hand Weapons
 a - a +2 scimitar of flaming
 b - the +4 longbow of Unniah (weapon) {freeze, rPois}
   (You bought it in a shop on level 2 of the Dungeon)

   rPois:     It protects you from poison.
 c - a +0 scimitar of flaming
 e - a +2 antimagic flail
 q - a +2 flail of holy wrath
 w - a +2 short sword of venom
 I - a +1 spear of venom
Missiles
 g - 32 poisoned darts
 o - 6 atropa-tipped darts
 Y - 3 throwing nets
Armour
 t - a +0 cloak (worn)
 v - a +0 pair of gloves (worn)
 D - +0 steam dragon scales (worn)
Jewellery
 y - a ring of protection from cold (left hand)
 B - a ring of magical power (right hand)
 M - a ring of resist corrosion
Wands
 G - a wand of digging (5)
 Q - a wand of acid (5)
 R - a wand of charming (5)
Scrolls
 d - 2 scrolls of brand weapon {unknown}
 f - 3 scrolls of enchant armour {unknown}
 h - a scroll of magic mapping {unknown}
 j - 6 scrolls of fog
 k - 3 scrolls of vulnerability {unknown}
 n - 2 scrolls of fear {unknown}
 p - a scroll of torment {unknown}
 s - a scroll of noise {unknown}
 z - 4 scrolls of enchant weapon {unknown}
 A - 5 scrolls of teleportation {unknown}
 C - 5 scrolls of poison {unknown}
 E - a scroll of amnesia {unknown}
 F - a scroll of immolation
 H - 2 scrolls of identify
 J - a scroll of blinking {unknown}
 S - a scroll of acquirement {unknown}
Potions
 i - 6 potions of flight
 l - 6 potions of curing
 m - a potion of cancellation
 r - 2 potions of brilliance
 u - 2 potions of haste
 x - 2 potions of might
 U - a potion of attraction {unknown}
 X - a potion of mutation {unknown}
Miscellaneous
 T - a box of beasts


   Skills:
 * Level 7.6 Fighting
 - Level 14.0 Ranged Weapons
 - Level 7.0 Dodging
 - Level 6.0 Stealth


You had 8 spell levels left.
You knew the following spells:

 Your Spells              Type           Power      Damage    Failure   Level
b - Blink                 Tloc           0%         N/A       47%         2

Your spell library contained the following spells:

 Spells                   Type           Power      Damage    Failure   Level
 Kiss of Death            Conj/Necr      0%         2d5       34%         1
 Confusing Touch          Hex            0%         N/A       71%         3
 Hailstorm                Conj/Ice       0%         3d3       71%         3
 Dispel Undead            Necr           0%         3d6       98%         4
 Ice Form                 Ice/Tmut       0%         N/A       98%         4
 Manifold Assault         Tloc           0%         N/A       98%         4
 Simulacrum               Ice/Necr       0%         N/A       100%        6
 Storm Form               Tmut/Air       0%         N/A       100%        7


Dungeon Overview and Level Annotations

Branches:
Dungeon (11/15)            Temple (1/1) D:4
   Lair: D:8-11         Orc: D:9-12

Shops:
D:2 (   D:6 (

Portals:
Trove: D:11 (give +5 fire dragon scales)

Annotations:
D:4 3 runed translucent doors, baller8008's ghost, amateur DECj
D:9 2 transporters


Innate Abilities, Weirdness & Mutations

You have an increased reservoir of magic. (+10% MP)
You shall have no god before yourself.
Your divine heritage dramatically boosts your attributes as you level up.


Message History

You shoot an arrow.
The arrow hits the centaur warrior zombie!
The centaur warrior zombie is severely damaged.
The centaur warrior zombie hits you.
The centaur warrior zombie closely misses you.
Fire: b) +4 longbow of Unniah {freeze, rPois}
Press: ? - help, Q - select action, (/) - cycle Shift-Dir - straight line, f/p - centaur warrior zombie
Aim: a centaur warrior zombie (severely damaged, 90% to hit)
You shoot an arrow.
The arrow hits the centaur warrior zombie!!
You destroy the centaur warrior zombie!
The centaur warrior shoots an arrow.
The arrow hits you!!
The centaur warrior shoots an arrow.
The arrow hits you!
Fire: b) +4 longbow of Unniah {freeze, rPois}
Press: ? - help, Q - select action, (/) - cycle Shift-Dir - straight line, f - centaur warrior
Aim: a centaur warrior, wielding a +0 shortbow (79% to hit)
You shoot an arrow. The arrow hits the centaur warrior.
The arrow freezes the centaur warrior.
The centaur warrior is lightly wounded.
The centaur warrior shoots an arrow.
The arrow hits you!
* * * LOW HITPOINT WARNING * * *
Fire: b) +4 longbow of Unniah {freeze, rPois}
Press: ? - help, Q - select action, (/) - cycle Shift-Dir - straight line, f/p - centaur warrior
Aim: a centaur warrior, wielding a +0 shortbow (lightly wounded, 79% to hit)
You shoot an arrow. The arrow hits the centaur warrior.
The arrow freezes the centaur warrior.
The centaur warrior is moderately wounded.
The centaur warrior shoots an arrow.
The arrow hits you!
* * * LOW HITPOINT WARNING * * *
The centaur warrior shoots an arrow.
The arrow barely misses you.
You feel better.
The centaur warrior shoots an arrow.
The arrow hits you!
* * * LOW HITPOINT WARNING * * *
Okay, then.
Casting: Blink (dangerous; 47% risk of failure)
Confirm with . or Enter, or press ? or * to list all spells.
You blink.
Found a blackened silver wand and a quarterstaff.
Found an escape hatch in the floor.
The centaur warrior shoots an arrow.
The arrow hits you!
You die...

....#............
....#............
#####.8.8.##..... .
##88P8.##..... ..
#......ยง#....# ... .
#.....c.'....## .... .
#.......#.....# ...). ##
####c..##.....#..../.
##.###....##....@.......
.#....)88.#.......P.....
<#...<..................
.#................P.....
.#........#.........>...
##...##...#.............
##...##...##....##......
.'...##...##....########
.#...............#


You could see a centaur warrior.

Vanquished Creatures
  Harold (D:9)
  Erica (D:9)
  2 two-headed ogres
  A death yak (D:9)
  Amaemon (D:8)
  Pikel (D:7)
  An ugly thing (D:8)
  An orange demon (D:8)
  3 centaur zombies (D:11)
  Psyche (D:9)
  A kobold demonologist (D:10)
  An efreet (D:9)
  A troll (D:10)
  3 polar bears (D:9)
  Prince Ribbit (D:5)
  2 shadows
  A wraith (D:11)
  A wyvern (D:8)
  8 yaks
  2 unseen horror simulacra (D:9)
  2 steam dragons
  An acid dragon (D:9)
  A water moccasin (D:7)
  4 ice beasts
  An ogre (D:5)
  5 orc warriors
  A black bear (D:7)
  3 wolves
  3 centaurs
  A lemure (D:7)
  A kobold brigand (D:9)
  A bullfrog (D:8)
  A necrophage (D:6)
  A gnoll sergeant (D:10)
  3 scorpions
  8 wights
  6 killer bees
  2 electric eels (D:9)
  A howler monkey (D:7)
  2 quasits (D:6)
  A wyvern simulacrum (D:9)
  4 orc priests
  2 hounds (D:5)
  2 gnoll boudas
  7 iguanas
  12 orc wizards
  15 gnolls
  10 adders
  2 shadow imps
  6 white imps
  2 howler monkey simulacra (D:9)
  5 ufetubi
  A worm (D:3)
  3 dart slugs
  44 orcs
  2 bats
  5 endoplasms
  3 giant cockroaches
  8 goblins
  10 hobgoblins
  4 jackals (D:3)
  4 quokkas
  4 ball pythons
  5 frilled lizards
  15 kobolds
  5 rats (D:1)
263 creatures vanquished.

Vanquished Creatures (others)
  11 demonic plants (D:6)
  37 plants (D:11)
48 creatures vanquished.

Grand Total: 311 creatures vanquished

Notes
Turn   | Place    | Note
-------+----------+-------------------------------------------
     0 | D:1      | avis the Demigod Hunter began the quest for the Orb.
     0 | D:1      | Reached XP level 1. HP: 17/17 MP: 3/3
   254 | D:1      | Reached skill level 4 in Ranged Weapons
   294 | D:1      | Reached XP level 2. HP: 24/24 MP: 4/4
   329 | D:1      | Reached skill level 1 in Stealth
   623 | D:2      | Found Hiwkem's Antique Weapon Emporium.
   803 | D:2      | Reached XP level 3. HP: 14/30 MP: 5/5
  1373 | D:2      | Reached XP level 4. HP: 36/38 MP: 6/6
  1589 | D:3      | Reached skill level 5 in Ranged Weapons
  1843 | D:3      | Reached XP level 5. HP: 45/45 MP: 7/7
  2786 | D:4      | Found a runed translucent gate.
  2786 | D:4      | Found a runed translucent gate.
  2786 | D:4      | Found a runed translucent gate.
  2787 | D:4      | Noticed baller8008's ghost (amateur DECj)
  2880 | D:4      | Reached skill level 6 in Ranged Weapons
  2927 | D:4      | Found a staircase to the Ecumenical Temple.
  3184 | D:2      | Bought a shimmering longbow for 207 gold pieces
  3184 | D:2      | Identified the +4 longbow of Unniah {freeze, rPois} (You
                  | bought it in a shop on level 2 of the Dungeon)
  3234 | Temple   | Entered the Ecumenical Temple
  3264 | D:5      | Entered Level 5 of the Dungeon
  3329 | D:5      | Reached XP level 6. HP: 9/51 MP: 8/8
  3872 | D:5      | Reached XP level 7. HP: 59/59 MP: 9/9
  4234 | D:6      | Noticed Prince Ribbit
  4245 | D:5      | Killed Prince Ribbit
  4246 | D:5      | Reached skill level 7 in Ranged Weapons
  4734 | D:6      | Reached skill level 8 in Ranged Weapons
  4979 | D:6      | Reached XP level 8. HP: 66/66 MP: 10/10
  5071 | D:6      | Reached skill level 5 in Fighting
  5282 | D:6      | Found Lyomoin's Antique Weapon Shop.
  5760 | D:6      | Bought a crude dagger for 154 gold pieces
  5760 | D:6      | Identified the +0 dagger "Cemp" {heavy, Will+ Dex+3 Stlth+}
                  | (You bought it in a shop on level 6 of the Dungeon)
  5884 | D:7      | Noticed a two-headed ogre
  5909 | D:6      | Killed a two-headed ogre
  5910 | D:6      | Reached skill level 9 in Ranged Weapons
  6149 | D:7      | Reached skill level 10 in Ranged Weapons
  6149 | D:7      | Reached XP level 9. HP: 74/74 MP: 11/11
  6236 | D:7      | Reached skill level 5 in Dodging
  6466 | D:7      | Noticed Pikel
  6472 | D:7      | Killed Pikel
  7611 | D:8      | Noticed Amaemon
  7613 | D:8      | Noticed an orange demon
  7618 | D:8      | Killed Amaemon
  7619 | D:8      | Reached skill level 11 in Ranged Weapons
  7626 | D:8      | Killed an orange demon
  7866 | D:8      | Reached XP level 10. HP: 83/83 MP: 13/13
  8217 | D:8      | Noticed a two-headed ogre
  8222 | D:8      | Killed a two-headed ogre
  8223 | D:8      | Reached skill level 12 in Ranged Weapons
  8514 | D:9      | Noticed a cyan ugly thing
  8776 | D:8      | Killed a cyan ugly thing
  8777 | D:8      | Reached skill level 5 in Stealth
  9200 | D:9      | Found a transporter.
  9203 | D:9      | Noticed a five-headed hydra
  9207 | D:9      | Found a transporter.
  9210 | D:9      | Noticed a centaur warrior
  9462 | D:8      | Learned a level 2 spell: Blink
  9859 | D:9      | Noticed Erica
  9865 | D:9      | Killed Erica
  9871 | D:9      | Noticed a broodmother
  9874 | D:9      | Noticed a water nymph
  9876 | D:9      | a water nymph changed into an anaconda
  9876 | D:9      | Noticed an anaconda (shapeshifter)
  9881 | D:9      | an anaconda changed into a bunyip
  9881 | D:9      | Noticed a bunyip (shapeshifter)
  9891 | D:9      | Reached skill level 13 in Ranged Weapons
  9892 | D:9      | a bunyip changed into a goliath frog
  9892 | D:9      | Noticed a goliath frog (shapeshifter)
  9897 | D:9      | a goliath frog changed into an eight-headed hydra
  9897 | D:9      | Noticed an eight-headed hydra (shapeshifter)
  9945 | D:9      | Reached XP level 11. HP: 92/92 MP: 14/14
  9948 | D:9      | Noticed a death yak
  9968 | D:9      | a broodmother changed into a fire dragon
  9968 | D:9      | Noticed a fire dragon (shapeshifter)
 10089 | D:9      | You fall into a shaft and drop 2 floors!
 10121 | D:10     | Entered Level 10 of the Dungeon
 10428 | D:9      | Noticed Psyche
 10433 | D:9      | Killed Psyche
 10480 | D:9      | Killed a death yak
 10631 | D:9      | Noticed Harold
 10648 | D:9      | Killed Harold
 10649 | D:9      | Reached skill level 14 in Ranged Weapons
 10966 | D:6      | Bought a glowing longbow for 209 gold pieces
 11046 | Temple   | Upgraded the game from 0.30-a0-840-ga523dec638 to
                  | 0.30-a0-845-g7c6808c8ce
 12116 | D:11     | Noticed a centaur warrior
 12249 | D:11     | Found a portal to a secret trove of treasure.
 12459 | D:11     | HP: 4/92 [centaur warrior/arrow (17)]
 12461 | D:11     | Shot with an arrow by a centaur warrior

Illustrated notes

Levels and vault maps discovered:
D:1:      wander_arrival_desolate, layout_rooms
D:2:      layout_rooms, serial_shops, shop, basic_altar
D:3:      minmay_razor_zed, layout_basic, chequers_ecumenical_altar_simple
D:4:      layout_rooms, minmay_temple_entry_slanted, gammafunk_ghost_split,
          hangedman_decor_growths
D:5:      layout_basic, minivault_26, minmay_a_box_with_orc_wizards_in_it
D:6:      layout_cave_pods, serial_shops, shop, serial_demonic,
          serial_demonic_e, serial_demonic_c, serial_demonic_b,
          serial_demonic_c, serial_demonic_g, serial_demonic_c,
          serial_demonic_e, minmay_manual_mail, uniq_prince_ribbit1
D:7:      layout_basic, uniq_pikel
D:8:      layout_basic, uniq_amaemon
D:9:      lemuel_flame_loot_2, layout_irregular_city,
          gammafunk_temple_overflow_arena, grunt_temple_overflow_cloverleaf,
          serial_ice, serial_ice_i, serial_ice_o, serial_ice_b, serial_ice_m,
          serial_ice_h, serial_ice_f, serial_ice_c, serial_ice_g,
          dk_noncrumbling_4, kennysheep_generic_room_11, uniq_erica,
          uniq_harold, uniq_psyche
D:10:     layout_grid_maze, lemuel_round_altar
D:11:     layout_gridville, david_lair_shrubbed, serial_undead, serial_undead_c,
          serial_undead_c, serial_undead_a, serial_undead_d, serial_undead_b,
          serial_undead_d, serial_undead_e, enter_trove_1, kennysheep_path_1
Temple:   nicolae_temple_elliptical

Skill      XL: |  1  2  3  4  5  6  7  8  9 10 11 |
---------------+----------------------------------+-----
Fighting       | 2 3 4 5 6 7 |  7.6
Ranged Weapons | 4 5 6 8 10 11 13 14 | 14.0
Dodging        | 2 3 4 5 6 7 |  7.0
Stealth        | 1 2 3 4 5 6 |  6.0

Action                     |  1- 3 |  4- 6 |  7- 9 | 10-12 || total
---------------------------+-------+-------+-------+-------++-------
  Melee: Dagger            |    19 |    68 |       |       ||    87
   Fire: Shortbow          |   101 |   109 |       |       ||   210
         Longbow           |       |    46 |   168 |   296 ||   510
   Cast: Blink             |       |       |       |     1 ||     1
    Use: Scroll            |       |     5 |       |     3 ||     8
         Potion            |       |     1 |     1 |     1 ||     3
 Armour: Leather armour    |     7 |    30 |    17 |       ||    54
         Steam dragon scal |       |       |     1 |    37 ||    38
  Dodge: Dodged            |    46 |    57 |    61 |   135 ||   299

Table legend: (Time is in decaauts)
 A = Elapsed time spent in this place.
 B = Non-inter-level travel time spent in this place.
 C = Inter-level travel time spent in this place.
 D = Time resting spent in this place.
 E = Time spent auto-exploring this place.
 F = Levels seen in this place.
 G = Mean time per level.
                   A        B        C        D        E       F      G
               +--------+--------+--------+--------+--------+-----+--------+
         Total |  12567 |  10438 |   2129 |   2314 |   5241 |  12 | 1047.2 |
       Dungeon |  12523 |  10399 |   2124 |   2314 |   5241 |  11 | 1138.5 |
        Temple |     44 |     39 |      5 |      0 |      0 |   1 |   44.0 |
               +--------+--------+--------+--------+--------+-----+--------+

Top non-repeatable levels by time:
     D:8: 2270 daAuts
     D:6: 1842 daAuts
     D:9: 1337 daAuts
     D:3: 1272 daAuts
     D:5: 1248 daAuts
    D:10: 1055 daAuts
     D:7: 1047 daAuts
     D:4: 792 daAuts
     D:2: 756 daAuts
     D:1: 740 daAuts
    D:11: 158 daAuts
  Temple: 44 daAuts
